 Dungeon Crawl Stone Soup version 0.32-a0-128-g77eb882913 (webtiles) character file.

Game seed: 2650333720160180345

1037 puppykicker the Apothecary (level 8, 0/62 HPs)
             Began as a Naga Alchemist on Feb 7, 2024.
             Was an Initiate of Vehumet.
             Slain by a yak (14 damage)
             ... on level 5 of the Dungeon.
             The game lasted 00:13:08 (4150 turns).

puppykicker the Apothecary (Naga Alchemist)         Turns: 4150, Time: 00:13:08

Health: 0/62       AC:  8    Str: 11    XL:     8   Next: 24%
Magic:  11/14      EV:  9    Int: 23    God:    Vehumet [......]
Gold:   115        SH:  0    Dex: 12    Spells: 7/15 levels left

rFire   . . .        a - +7 scythe (freeze)
rCold   . . .        (shield currently unavailable)
rNeg    . . .        D - +1 leather armour {Will+}
rPois   +            (no helmet)
rElec   .            f - +1 cloak
rCorr   .            g - +0 pair of gloves
SInv    +            (no barding)
Will    ++...        o - amulet of magic regeneration
Stlth   ++           h - +6 ring of intelligence
HPRegen 0.30/turn    (no ring)
MPRegen 0.54/turn

%: no passive effects
@: very slow
A: AC +2, large, see invisible, deformed body, poison resistance, slowness 2,
spit poison 1, naga tail 1
a: Spit Poison, Renounce Religion


You were on level 5 of the Dungeon.
You worshipped Vehumet.
Vehumet was noncommittal.
You visited 2 branches of the dungeon, and saw 6 of its levels.

You collected 269 gold pieces.
You spent 154 gold pieces at shops.

Inventory:

Hand Weapons
 a - a +7 scythe of freezing (weapon)
 b - a +0 arbalest
 v - a +6 rapier of venom
 w - a +0 dagger
Missiles
 r - 5 javelins (quivered)
 y - 2 poisoned darts
Armour
 f - a +1 cloak (worn)
 g - a +0 pair of gloves (worn)
 D - a +1 leather armour of willpower (worn)
Jewellery
 h - a +6 ring of intelligence (left hand)
 l - a ring of ice {rC+, rF-}
 o - an amulet of magic regeneration (around neck)
Wands
 d - a wand of flame (20)
 m - a wand of roots (12)
 z - a wand of mindburst (8)
Scrolls
 c - 6 scrolls of identify {unknown}
 i - 2 scrolls of fog {unknown}
 j - a scroll of acquirement {unknown}
 k - 2 scrolls of noise {unknown}
 p - a scroll of teleportation {unknown}
 q - 2 scrolls of poison {unknown}
 u - a scroll of amnesia {unknown}
 A - a scroll of blinking {unknown}
 C - a scroll of revelation {unknown}
Potions
 e - a potion of magic
 n - a potion of might {unknown}
 s - a potion of lignification {unknown}
 t - 3 potions of curing {unknown}
 x - a potion of mutation {unknown}
 B - a potion of attraction {unknown}
 E - a potion of degeneration {unknown}


   Skills:
 - Level 1.5 Dodging
 - Level 3.0 Stealth
 - Level 4.0 Spellcasting
 + Level 4.4 Conjurations
 + Level 3.6 Fire Magic
 + Level 3.9 Air Magic
 + Level 6.3 Alchemy


You had 7 spell levels left.
You knew the following spells:

 Your Spells              Type           Power      Damage    Failure   Level
a - Sting                 Conj/Alch      100%       1d9       1%          1
s - Sticky Flame          Fire/Alch      27%        2d7       17%         4
x - Mephitic Cloud        Conj/Alch/Air  27%        N/A       5%          3

Your spell library contained the following spells:

 Spells                   Type           Power      Damage    Failure   Level
 Mercury Vapours          Alch/Air       56%        N/A       2%          2
 Olgreb's Toxic Radiance  Alch           34%        N/A       10%         4


Dungeon Overview and Level Annotations

Branches:
Dungeon (5/15)             Temple (1/1) D:4

Altars:
Ashenzari
Cheibriados
Dithmenos
Elyvilon
Fedhas
Gozag
Hepliaklqana
Kikubaaqudgha
Makhleb
Nemelex Xobeh
Okawaru
Qazlal
Ru
Sif Muna
Uskayaw
Vehumet
Wu Jian
Xom
Yredelemnul
Zin
The Shining One

Shops:
D:4 [

Annotations:
Temple 2 transporters


Innate Abilities, Weirdness & Mutations

Your serpentine skin is tough. (AC +2)
You have supernaturally acute eyesight. (SInv)
Armour fits poorly on your strangely shaped body.
Your system is resistant to poisons. (rPois)
You cover ground very slowly.
You can spit poison.
You have a snake-like lower body.


Message History

Press: ? - help, Shift-Dir - straight line, f - yak
Aim: a yak (chance to affect: 67%)
The ball explodes into a vile cloud!
The stinking cloud engulfs the yak.
The stinking cloud engulfs you.
The stinking cloud engulfs the yak. x2
The yak gores you but does no damage.
The yak is engulfed in noxious fumes.
The yak appears confused.
The yak closely misses you.
You now have 12/14 mp.
Unknown command.
Casting: Mephitic Cloud (dangerous; 5% risk of failure)
Confirm with . or Enter, or press ? or * to list all spells.
Aiming: Mephitic Cloud (dangerous; 5% risk of failure)
Press: ? - help, Shift-Dir - straight line, f - yak, p - yak
Aim: a yak (chance to affect: 67%)
The ball explodes into a vile cloud!
The stinking cloud engulfs the yak. x3
The stinking cloud engulfs you.
The yak is engulfed in noxious fumes.
The yak appears confused.
The yak gores you.
The yak gores itself!
The yak gores you but does no damage.
The yak is engulfed in noxious fumes.
The yak appears confused.
The yak gores you!
You take 10 damage, and have 52/62 hp.
You now have 9/14 mp.
Unknown command.
The yak is engulfed in noxious fumes. x2; The yak appears confused.
The yak barely misses the yak.
You barely miss the yak.
The yak is engulfed in noxious fumes.
The yak gores you!
The yak is engulfed in noxious fumes.
The yak gores you!
* * * LOW HITPOINT WARNING * * *
The yak is engulfed in noxious fumes.
The yak appears confused.
The yak gores the yak.
The yak is engulfed in noxious fumes.
The yak appears confused.
The yak gores you.
* * * LOW HITPOINT WARNING * * *
You take 27 damage, and have 26/62 hp.
MASSIVE DAMAGE!!
The yak is engulfed in noxious fumes.
The yak appears confused.
The yak gores the yak.
The yak is engulfed in noxious fumes.
The yak attacks as it pursues you! The yak gores you!
* * * LOW HITPOINT WARNING * * *
The yak is engulfed in noxious fumes.
The yak appears confused.
The yak gores the yak.
The yak is engulfed in noxious fumes.
The yak appears confused.
The yak is engulfed in noxious fumes.
The yak appears confused.
The yak gores the yak!!
The yak gores you!
You die...

.......#.........'.....#
.......#.........#.....#
.......#.....)...#.....#
##'#####.........#######
.....^...#######)....#
.........#.....#.....#
.........#.....#.....#
.........#.....#.....#
.......).'.....#@....#
.........#######Y....#
###########....§☼Y####
#.....YY# #......§#
#.......# #.......#
#.......#
#.......########+#


You could see 4 yaks.

Levels and vault maps discovered:
D:1:      amcnicky_arrival_abandoned_market, layout_loops_corners
D:2:      layout_loops_cross, hellmonk_ecumenical_altar_arch_garden,
          uniq_crazy_yiuf_cottage
D:3:      layout_loops_ring, grunt_temple_overflow_open,
          gammafunk_temple_overflow_statue, lemuel_round_altar, uniq_jessica,
          uniq_sigmund
D:4:      layout_loops_ring, minmay_temple_entry_sparse_star, serial_shops,
          nicolae_shop_drivethru, uniq_eustachio, uniq_duvessa, uniq_menkaure
D:5:      layout_gridville, uniq_blork_the_orc, uniq_edmund, uniq_pikel
Temple:   hellmonk_temple_divided_pantheon

Notes
Turn   | Place    | Note
-------+----------+-------------------------------------------
     0 | D:1      | puppykicker the Naga Alchemist began the quest for the Orb.
     0 | D:1      | Reached XP level 1. HP: 15/15 MP: 3/3
   107 | D:1      | Identified a +0 club
   199 | D:1      | Identified a +0 dagger
   290 | D:1      | Identified a +0 dagger
   292 | D:1      | Reached XP level 2. HP: 22/22 MP: 5/5
   352 | D:1      | Identified a +0 club
   355 | D:1      | Reached skill level 4 in Alchemy
   373 | D:1      | Identified a +0 spear
   657 | D:1      | Identified a +1 cloak
   672 | D:1      | Reached XP level 3. HP: 28/28 MP: 3/6
   675 | D:1      | Identified a +0 club
   712 | D:1      | Learned a level 3 spell: Mephitic Cloud
   721 | D:1      | Identified a +0 dagger
   751 | D:1      | Identified a +0 leather armour
   759 | D:1      | Identified a +0 dagger
   870 | D:1      | Identified a +0 robe
   936 | D:1      | Identified a +0 ring mail
  1125 | D:2      | Identified a +0 dagger
  1129 | D:2      | Reached skill level 2 in Conjurations
  1156 | D:2      | Identified a +0 pair of gloves
  1198 | D:2      | Found a faded altar of an unknown god.
  1202 | D:2      | Identified a +6 ring of intelligence
  1211 | D:2      | Identified a +0 dagger
  1223 | D:2      | Identified a +0 dagger
  1230 | D:2      | Reached XP level 4. HP: 36/36 MP: 8/8
  1295 | D:2      | Identified a +0 arbalest
  1317 | D:2      | Identified a +0 short sword
  1379 | D:2      | Identified a +0 dagger
  1454 | D:2      | Identified a +0 club
  1470 | D:2      | Identified a +0 plate armour
  1590 | D:2      | Reached skill level 1 in Air Magic
  1605 | D:2      | Identified a ring of ice
  1689 | D:2      | Learned a level 4 spell: Sticky Flame
  1792 | D:2      | Found a runed translucent door.
  1793 | D:2      | Identified a +3 quarterstaff of chaos
  1793 | D:2      | Identified a +0 cloak
  1793 | D:2      | Noticed Crazy Yiuf
  1800 | D:2      | Killed Crazy Yiuf
  1801 | D:2      | Reached skill level 3 in Spellcasting
  1867 | D:3      | Identified a +0 halberd
  1867 | D:3      | Identified a +0 whip
  1867 | D:3      | Identified a +0 spear
  1867 | D:3      | Identified a +0 whip
  1899 | D:3      | Identified a +0 club
  1899 | D:3      | Identified a +0 leather armour
  1899 | D:3      | Identified a +0 hand axe
  1900 | D:3      | Identified a +0 mace
  1900 | D:3      | Identified a +3 leather armour
  1939 | D:3      | Identified an amulet of magic regeneration
  1950 | D:3      | Found a stormy altar of Qazlal.
  2017 | D:3      | Identified a +0 mace
  2021 | D:3      | Identified a +0 dagger
  2068 | D:3      | Reached XP level 5. HP: 40/42 MP: 7/9
  2098 | D:3      | Noticed a phantom
  2118 | D:3      | HP: 10/42 [phantom (4)]
  2120 | D:3      | Killed a phantom
  2121 | D:3      | Reached skill level 1 in Fire Magic
  2265 | D:3      | Identified a +0 dagger
  2288 | D:3      | Identified a +0 leather armour
  2329 | D:3      | Identified a +0 club
  2329 | D:3      | Identified a +0 robe
  2329 | D:3      | Noticed Jessica
  2335 | D:3      | Killed Jessica
  2418 | D:3      | Identified a +7 scythe of freezing
  2418 | D:3      | Identified a +0 robe
  2418 | D:3      | Noticed Sigmund
  2424 | D:3      | Killed Sigmund
  2425 | D:3      | Reached skill level 4 in Spellcasting
  2425 | D:3      | Reached skill level 3 in Conjurations
  2425 | D:3      | Reached skill level 2 in Air Magic
  2425 | D:3      | Reached skill level 5 in Alchemy
  2425 | D:3      | Reached XP level 6. HP: 49/49 MP: 6/12
  2437 | D:3      | Reached skill level 2 in Fire Magic
  2447 | D:3      | Identified a +0 whip
  2450 | D:3      | Found a basalt altar of Yredelemnul.
  2461 | D:3      | Found a shimmering blue altar of Sif Muna.
  2461 | D:3      | Found a broken altar of Ashenzari.
  2567 | D:3      | Found a shimmering altar of Xom.
  2567 | D:3      | Found a hide-covered altar of Uskayaw.
  2682 | D:4      | Identified a +0 dagger
  2682 | D:4      | Identified a +0 robe
  2684 | D:4      | Identified a +0 dagger
  2684 | D:4      | Identified a +0 robe
  2685 | D:4      | Identified a +0 hand axe
  2689 | D:4      | Identified a +3 flail
  2692 | D:4      | Identified a +0 club
  2692 | D:4      | Identified a +0 ring mail
  2694 | D:4      | Reached XP level 7. HP: 51/55 MP: 13/13
  2880 | D:4      | Found a staircase to the Ecumenical Temple.
  2932 | Temple   | Found a transporter.
  2932 | Temple   | Found a transporter.
  2932 | Temple   | Found a transporter.
  2932 | Temple   | Found a transporter.
  2932 | Temple   | Entered the Ecumenical Temple
  2944 | Temple   | Became a worshipper of Vehumet
  3023 | D:4      | Found a transporter.
  3026 | D:4      | Found Acuutzif's Armour Boutique.
  3082 | D:4      | Identified a +0 chain mail
  3093 | D:4      | Identified a +0 cloak
  3096 | D:4      | Identified a +6 rapier of venom
  3096 | D:4      | Identified a +0 leather armour
  3096 | D:4      | Noticed Eustachio
  3105 | D:4      | Killed Eustachio
  3106 | D:4      | Reached skill level 3 in Air Magic
  3128 | D:4      | Identified a +0 short sword
  3128 | D:4      | Identified a +0 scale mail
  3128 | D:4      | Noticed Duvessa
  3139 | D:4      | Killed Duvessa
  3140 | D:4      | Reached skill level 3 in Fire Magic
  3220 | D:4      | Identified a +0 dagger
  3220 | D:4      | Identified a +0 robe
  3220 | D:4      | Noticed Dowan
  3231 | D:4      | Killed Dowan
  3232 | D:4      | Reached skill level 4 in Conjurations
  3253 | D:4      | Identified a +0 dagger
  3266 | D:4      | Noticed Menkaure
  3274 | D:4      | Killed Menkaure
  3275 | D:4      | Reached skill level 6 in Alchemy
  3275 | D:4      | Reached XP level 8. HP: 42/62 MP: 14/14
  3518 | D:4      | Identified a +0 sling
  3726 | D:4      | Found a transporter.
  3737 | D:4      | Bought a +1 leather armour of willpower for 154 gold pieces
  3784 | D:5      | Entered Level 5 of the Dungeon
  3789 | D:5      | Identified a +4 whip
  3794 | D:5      | Identified a +0 halberd
  3794 | D:5      | Identified a +0 flail
  3794 | D:5      | Identified a +0 club
  3798 | D:5      | Identified a +0 short sword
  3798 | D:5      | Identified a +0 leather armour
  3798 | D:5      | Identified a +2 halberd of venom
  3798 | D:5      | Identified a +0 robe
  3798 | D:5      | Noticed Blork the orc
  3957 | D:5      | Killed Blork the orc
  4075 | D:5      | Identified a +0 flail
  4131 | D:5      | Noticed a yak
  4133 | D:5      | Noticed a yak
  4136 | D:5      | Noticed a yak
  4140 | D:5      | Noticed a yak
  4150 | D:5      | HP: 14/62 [yak (13)]
  4150 | D:5      | Slain by a yak

Table legend: (Time is in decaauts)
 A = Elapsed time spent in this place.
 B = Non-inter-level travel time spent in this place.
 C = Inter-level travel time spent in this place.
 D = Time resting spent in this place.
 E = Time spent auto-exploring this place.
 F = Levels seen in this place.
 G = Mean time per level.
                   A        B        C        D        E       F      G
               +--------+--------+--------+--------+--------+-----+--------+
         Total |   5390 |   5164 |    226 |    769 |   3465 |   6 |  898.3 |
       Dungeon |   5351 |   5139 |    212 |    769 |   3465 |   5 | 1070.2 |
        Temple |     38 |     25 |     13 |      0 |      0 |   1 |   38.0 |
               +--------+--------+--------+--------+--------+-----+--------+

Top non-repeatable levels by time:
     D:4: 1538 daAuts
     D:1: 1478 daAuts
     D:3: 1020 daAuts
     D:2: 1010 daAuts
     D:5: 304 daAuts
  Temple: 38 daAuts

Table legend:
 A = Kills in this place as a percentage of kills in the entire game.
 B = Kills by you in this place as a percentage of kills by you in the entire game.
 C = Kills by friends in this place as a percentage of kills by friends in the entire game.
 D = Other kills in this place as a percentage of other kills in the entire game.
 E = Experience gained in this place as a percentage of experience gained in the entire game.
 F = Experience gained in this place divided by the number of levels of this place that you have seen.
                   A       B       C       D       E      F
               +-------+-------+-------+-------+-------+----------------------
         Total | 100.0 | 100.0 |   N/A |   N/A | 100.0 | 247.0
       Dungeon | 100.0 | 100.0 |   N/A |   N/A | 100.0 | 296.4
               +-------+-------+-------+-------+-------+----------------------

Skill      XL: |  1  2  3  4  5  6  7 |
---------------+----------------------+-----
Alchemy        | 4 5 6 |  6.3
Conjurations   | 2 3 4 |  4.4
Air Magic      | 1 2 3 |  3.9
Spellcasting   | 3 4 |  4.0
Fire Magic     | 1 2 3 |  3.6
Dodging        | |  1.5
Stealth        | |  3.0

Action                     |  1- 3 |  4- 6 |  7- 9 || total
---------------------------+-------+-------+-------++-------
  Melee: Unarmed           |    10 |       |       ||    10
         Dagger            |     3 |       |       ||     3
         Spear             |    36 |    21 |       ||    57
         Punch             |     1 |     3 |       ||     4
         Halberd           |       |     2 |    58 ||    60
   Fire: Arbalest          |       |    46 |     6 ||    52
   Cast: Sting             |    31 |    39 |     2 ||    72
         Mephitic Cloud    |       |     2 |    10 ||    12
Ability: Spit Poison       |    12 |    12 |     3 ||    27
   Stab: Sleeping          |     4 |       |     2 ||     6
         Confused          |       |       |     3 ||     3
 Armour: Robe              |    42 |    38 |    27 ||   107
         Leather armour    |       |       |    26 ||    26
  Dodge: Dodged            |    22 |    33 |    16 ||    71

Vanquished Creatures
  Eustachio (D:4)
  Sigmund (D:3)
  Menkaure (D:4)
  Duvessa (D:4)
  A phantom (D:3)
  Blork the orc (D:5)
  Dowan (D:4)
  Crazy Yiuf (D:2)
  Jessica (D:3)
  2 orc wizards (D:4)
  5 adders
  9 gnolls
  A dart slug (D:1)
  8 orcs
  7 ball pythons
  6 endoplasms
  3 giant cockroaches
  5 goblins
  8 hobgoblins
  9 jackals
  3 quokkas (D:1)
  8 bats
  8 kobolds
  3 rats (D:1)
94 creatures vanquished.
